 Dungeon Crawl Stone Soup version 0.29-a0-298-g3c90f9a769 (webtiles) character file.

Game seed: 11251616285823322088

230 HotDog the Covered (level 6, 0/38 HPs)
             Began as a Gargoyle Fighter on Mar 23, 2022.
             Slain by a ball python (1 damage)
             ... in a sewer.
             The game lasted 00:05:15 (3437 turns).

HotDog the Covered (Gargoyle Fighter)               Turns: 3437, Time: 00:05:15

Health: 0/38       AC: 12    Str: 20 (22) XL:     6   Next: 3%
Magic:  7/7        EV:  6    Int:  6 (8)  God:
Gold:   100        SH:  5    Dex: 14 (15) Spells: 5/5 levels left

rFire   . . .      SeeInvis .   a - +1 flail
rCold   . . .      Faith    .   c - +0 buckler
rNeg    + . .      Spirit   .   b - +0 scale mail
rPois   ∞          Reflect  .   (no helmet)
rElec   +          Harm     .   (no cloak)
rCorr   .          Rampage  .   (no gloves)
Will    .....                   f - +0 pair of boots
Stlth   ..........              (no amulet)
HPRegen 0.12/turn               e - +6 ring of dexterity
MPRegen 0.10/turn               (no ring)

@: about to teleport, constricted, invisible, very slow
A: sickness immunity, AC +4, negative energy resistance 1, electricity
resistance, torment resistance 1, petrification resistance
a: no special abilities


You were in a sewer.
You visited 1 branch of the dungeon, and saw 3 of its levels.
You also visited: Sewer.

You collected 100 gold pieces.

Inventory:

Hand Weapons
 a - a +1 flail (weapon)
Armour
 b - a +0 scale mail (worn)
 c - a +0 buckler (worn)
 f - a +0 pair of boots (worn)
Jewellery
 e - a +6 ring of dexterity (left hand)
Scrolls
 j - a scroll of identify
Potions
 g - a potion of degeneration
 h - a potion of curing
 k - a potion of magic {unknown}
 m - 2 potions of flight {unknown}


   Skills:
 * Level 4.1 Fighting
 * Level 3.7 Maces & Flails
 * Level 4.2 Armour
 * Level 1.3 Dodging
 * Level 3.9 Shields
 * Level 1.5 Invocations


You had 5 spell levels left.
You didn't know any spells.
Your spell library contained the following spells:

 Spells                   Type           Power      Damage    Failure   Level
 Summon Small Mammal      Summ           0%         N/A       87%         1
 Call Canine Familiar     Summ           0%         N/A       99%         3
 Summon Guardian Golem    Hex/Summ       0%         N/A       99%         3


Dungeon Overview and Level Annotations

Branches:
Dungeon (3/15)              Sewer (1/1)

Altars:
Okawaru

Annotations:
D:2 1 runed translucent door, Crazy Yiuf


Innate Abilities, Weirdness & Mutations

You are immune to sickness and miasma.
Your stone body is resilient. (AC +4)
You are immune to poison.
You resist negative energy. (rN+)
You are resistant to electric shocks. (rElec)
You are resistant to unholy torment.
You are immune to petrification.


Message History

The bullfrog hits you but does no damage.
The adder bites you but does no damage. You block the ball python's attack.
Unknown command.
It was a potion of curing.
You feel better.
The bullfrog hits you but does no damage.
The adder bites you but does no damage. You block the bullfrog's attack.
The adder bites you but does no damage. The ball python closely misses you.
The ball python constricts you. The adder barely misses you.
The ball python bites you but does no damage.
The adder bites you but does no damage.
The bullfrog hits you but does no damage.
You block the bullfrog's attack.
It was a potion of invisibility.
You fade into invisibility!
The adder barely misses you. x2; The ball python barely misses you.
The ball python constricts you.
The ball python bites you but does no damage.
The bullfrog hits you but does no damage.
The bullfrog hits you.
* * * LOW HITPOINT WARNING * * *
The adder barely misses you. You block the adder's attack.
The adder closely misses you. The ball python barely misses you.
The ball python constricts you.
It was a potion of degeneration.
There was something very wrong with that liquid.
You feel weakened.
You feel dopey.
You feel clumsy. The bullfrog hits you.
* * * LOW HITPOINT WARNING * * *
You block the bullfrog's attack.
The ball python bites you but does no damage.
The adder bites you but does no damage. The adder bites you.
* * * LOW HITPOINT WARNING * * *
The adder bites you but does no damage. The ball python bites you.
* * * LOW HITPOINT WARNING * * *
The ball python constricts you.
The bullfrog hits you but does no damage.
The bullfrog hits you.
* * * LOW HITPOINT WARNING * * *
The ball python bites you.
You die...

#≈≈≈≈≈≈# #≈≈≈≈≈≈#
#≈≈≈≈≈≈# #≈≈≈≈.≈#
#≈≈≈≈≈≈# #≈≈≈≈.≈#
#≈≈(.≈≈# #≈≈≈≈≈≈#
##≈≈≈≈≈# #≈≈≈≈≈≈#
#≈≈≈≈≈≈# #≈≈≈≈≈≈#
#≈≈≈≈≈≈# #≈≈SS≈≈#
#≈≈≈≈≈≈# #≈SSS≈≈#
#≈≈≈≈≈≈# #≈S@SS≈#
#≈≈≈≈≈≈# #####≈≈FF≈≈#
#.≈≈≈≈.# #..###≈≈≈≈##
#......###..##......#
##......##'##......##
#.......#†........#
##.......†.......##
####...†.....####
####...####


You could see 2 bullfrogs, 3 adders and 5 ball pythons.

Vanquished Creatures
  A scorpion (D:2)
  5 river rats (Sewer)
  4 adders (Sewer)
  A worm (D:2)
  A dart slug (D:2)
  An orc (D:3)
  An endoplasm (D:1)
  3 giant cockroaches
  8 goblins
  2 hobgoblins (D:2)
  10 jackals (D:1)
  3 kobolds
  4 quokkas
  8 ball pythons
  7 bats
  5 frilled lizards
  25 rats
89 creatures vanquished.

Vanquished Creatures (others)
  3 fungi (D:2)
3 creatures vanquished.

Grand Total: 92 creatures vanquished

Notes
Turn   | Place    | Note
-------+----------+-------------------------------------------
     0 | D:1      | HotDog the Gargoyle Fighter began the quest for the Orb.
     0 | D:1      | Reached XP level 1. HP: 14/14 MP: 1/1
   538 | D:1      | Reached XP level 2. HP: 3/19 MP: 2/2
  1390 | D:1      | Reached XP level 3. HP: 23/23 MP: 3/3
  2085 | D:2      | Noticed a scorpion
  2095 | D:2      | Killed a scorpion
  2096 | D:2      | Reached XP level 4. HP: 29/29 MP: 4/4
  2243 | D:2      | Found an iron altar of Okawaru.
  2266 | D:2      | Reached skill level 1 in Dodging
  2755 | D:2      | Found a runed translucent door.
  2756 | D:2      | Noticed Crazy Yiuf
  2837 | D:3      | Reached XP level 5. HP: 33/33 MP: 5/5
  2961 | D:3      | Found a glowing drain.
  2974 | D:3      | Reached skill level 1 in Invocations
  2981 | Sewer    | Entered a sewer
  3371 | Sewer    | Reached XP level 6. HP: 36/38 MP: 7/7
  3437 | Sewer    | HP: 1/38 [bullfrog (6)]
  3437 | Sewer    | Slain by a ball python

Illustrated notes

Levels and vault maps discovered:
D:1:      pf_arrival_petrified_forest, layout_basic
D:2:      layout_rooms, basic_altar, uniq_crazy_yiuf_cottage
D:3:      cheibrodos_helix_gallery, layout_loops_cross,
          yredelemnul_altar_generic, gup_sewer_entry_pipe
Sewer:    sewer_minmay_w

Skill      XL: |  1  2  3  4  5 |
---------------+----------------+-----
Maces & Flails | 3 |  3.7
Armour         | 4 |  4.2
Dodging        | 1 |  1.3
Invocations    | 1 |  1.5
Fighting       | 4 |  4.1
Shields        | |  3.9

Action                   |  1- 3 |  4- 6 || total
-------------------------+-------+-------++-------
Melee: Flail             |   113 |   202 ||   315
  Use: Potion            |     1 |     3 ||     4
       Scroll            |     5 |     2 ||     7
Armor: Scale mail        |    95 |   153 ||   248
Dodge: Dodged            |    54 |   147 ||   201
Block: Buckler           |    25 |    71 ||    96

Table legend: (Time is in decaauts)
 A = Elapsed time spent in this place.
 B = Non-inter-level travel time spent in this place.
 C = Inter-level travel time spent in this place.
 D = Time resting spent in this place.
 E = Time spent auto-exploring this place.
 F = Levels seen in this place.
 G = Mean time per level.
                   A        B        C        D        E       F      G
               +--------+--------+--------+--------+--------+-----+--------+
         Total |   3577 |   3446 |    131 |    590 |   2117 |   4 |  894.2 |
       Dungeon |   3052 |   2921 |    131 |    590 |   1822 |   3 | 1017.3 |
         Sewer |    525 |    525 |      0 |      0 |    295 |   1 |  525.0 |
               +--------+--------+--------+--------+--------+-----+--------+

Top non-repeatable levels by time:
     D:1: 2119 daAuts
     D:2: 738 daAuts
   Sewer: 525 daAuts
     D:3: 194 daAuts
